AoeStats
← HONZAzHOVNA

Arabia

509758762Analyzed
1v1 RM · 4d ago on Sep 27, 2026· 55m 28s· 2 players
Game mode
Random Map
Map size
Tiny (2 player)
Population
200
Speed
Normal
Resources
Standard
Victory
Conquest
Starting age
Dark Age
Ending age
Imperial Age
RankedLock teamsTeams togetherTeam positionsShared explorationLock speedFull tech treeHidden civsTurbo modeCheats
Victory
Defeat
🇨🇿 Mongols · Czechia
459
+12
🇮🇪 Vikings · Ireland
365
-12
HONZAzHOVNA
3:48 Loom
11:36 Feudal Age
12:09 Double-Bit Axe
13:35 Horse Collar
16:38 Bloodlines
18:00 Gold Mining
18:05 Stone Mining
19:47 Forging
26:49 Castle Age
25:51 Scale Barding Armor
27:28 Scale Mail Armor
28:20 Chain Barding Armor
28:36 Iron Casting
29:17 Stone Shaft Mining
29:20 Gold Shaft Mining
29:19 Pikeman
30:00 Squires
30:11 Light Cavalry
32:31 Crossbowman
33:48 Bow Saw
42:16 Imperial Age
41:42 Wheelbarrow
42:37 Arson
42:25 Hussar
43:25 Town Watch
44:27 Conscription
44:54 Hand Cart
48:02 Arbalester
48:48 Thumb Ring
48:50 Husbandry
48:14 Heavy Camel Rider
50:16 Ballistics
50:57 Chemistry
49:45 Elite Mangudai
MacAttack
10:53 Feudal Age
11:27 Horse Collar
11:37 Double-Bit Axe
20:33 Castle Age
26:53 Pikeman
33:06 Man-at-Arms
33:49 Squires
33:34 Arson
44:01 Crossbowman
46:29 Forging
46:19 Scale Mail Armor
46:27 Scale Barding Armor
49:29 Chieftains
50:23 Iron Casting
50:05 Chain Mail Armor
51:46 Long Swordsman
Connection lost

Rejoining the realm…

Still unreachable

The connection could not be restored.

Session expired

The server has moved on; the page needs a fresh start.